 Dungeon Crawl Stone Soup version 0.27-a0-965-gbf8bb431c4 (webtiles) character file.

Game seed: 314526158467052203

671 spiderkeys the Stinger (level 7, -10/46 HPs)
             Began as an Octopode Venom Mage on Apr 12, 2021.
             Was an Initiate of Gozag.
             Shot with an arrow by a centaur (11 damage)
             ... on level 7 of the Dungeon.
             The game lasted 00:09:21 (6148 turns).

spiderkeys the Stinger (Octopode Venom Mage)        Turns: 6148, Time: 00:09:22

Health: -10/46     AC:  5    Str:  8    XL:     7   Next: 58%
Magic:  9/12       EV: 14    Int: 23    God:    Gozag
Gold:   155        SH:  0    Dex: 12    Spells: 4/13 levels left

rFire    . . .     SeeInvis +   c - +3 hand axe "Pimoxyup" {venom, Int+4 SInv}
rCold    . . .     Faith    .   (no shield)
rNeg     . . .     Spirit   .   (helmet restricted)
rPois    .         Reflect  .   (no amulet)
rElec    .         Harm     .   e - ring of wizardry
rCorr    +         Rampage  .   i - +4 ring of protection
Will     .....                  n - ring of resist corrosion
Stlth    +++.......             (no ring)
HPRegen  0.15/turn              (no ring)
MPRegen  0.13/turn              (no ring)
                                (no ring)
                                (no ring)

@: no status effects
A: almost no armour, amphibious, 8 rings, camouflage 1, gelatinous body 1,
(nimble swimmer 1), tentacles
a: Renounce Religion, Potion Petition, Call Merchant, Bribe Branch


You were on level 7 of the Dungeon.
You worshipped Gozag.
Gozag was aware of your devotion.
You visited 2 branches of the dungeon, and saw 8 of its levels.

You collected 217 gold pieces.
You paid 62 gold pieces to Gozag.

Inventory:

Hand Weapons
 c - the +3 hand axe "Pimoxyup" (weapon) {venom, Int+4 SInv}
   (You found it on level 4 of the Dungeon)

   It poisons the flesh of those it strikes.
   It affects your intelligence (+4).
   It lets you see invisible.
Jewellery
 e - a ring of wizardry (left tentacle)
 i - a +4 ring of protection (right tentacle)
 n - a ring of resist corrosion (on tentacle)
 v - a +4 ring of protection
Wands
 m - a wand of mindburst (18)
 o - a wand of flame (20)
Scrolls
 j - a scroll of immolation
Potions
 a - a potion of ambrosia {unknown}
 d - a potion of experience {unknown}
 h - a potion of brilliance {unknown}
 k - a potion of resistance {unknown}
 l - a potion of lignification {unknown}
 p - a potion of mutation {unknown}
 q - a potion of might {unknown}
 r - a potion of flight {unknown}
 u - a potion of attraction {unknown}


   Skills:
 + Level 3.3 Fighting
 + Level 4.0 Dodging
 - Level 2.6 Stealth
 + Level 3.7 Spellcasting
 + Level 3.5 Transmutations
 + Level 5.6 Poison Magic


You had 4 spell levels left.
You knew the following spells:

 Your Spells              Type           Power      Damage    Failure   Level
a - Sting                 Tmut/Pois      100%       1d8       1%          1
b - Poisonous Vapours     Pois/Air       34%        N/A       1%          2
c - Ignite Poison         Fire/Tmut/Pois 18%        N/A       4%          3
d - Mephitic Cloud        Conj/Pois/Air  12%        N/A       6%          3

Your spell library contained the following spells:

 Spells                   Type           Power      Damage    Failure   Level
 Magic Dart               Conj           16%        1d3       4%          1
 Olgreb's Toxic Radiance  Pois           30%        N/A       4%          4
 Blink                    Tloc           N/A        N/A       6%          2
 Call Imp                 Summ           4%         N/A       6%          2
 Slow                     Hex            4%         N/A       6%          2
 Conjure Flame            Conj/Fire      4%         6-21      13%         3


Dungeon Overview and Level Annotations

Branches:
Dungeon (8/15)             Temple (1/1) D:5            Lair (0/6) D:8

Altars:
Cheibriados
Dithmenos
Elyvilon
Fedhas
Gozag
Qazlal
Ru
Trog
Vehumet
Yredelemnul
The Shining One

Shops:
D:2 =

Annotations:
D:7 Prince Ribbit


Innate Abilities, Weirdness & Mutations

You cannot wear most types of armour.
You are amphibious.
You can wear up to eight rings at the same time.
Your skin changes colour to match your surroundings (Stealth+).
Your rubbery body absorbs attacks. (AC +1, EV +1)
((You are camouflaged near water. (Stealth+)))
You have tentacles for arms and can constrict up to eight enemies at once.


Message History

The centaur shoots an arrow.
The arrow completely misses you.
Okay, then.
You feel sick.
The centaur shoots an arrow.
The arrow barely misses you.
The centaur shoots an arrow.
The arrow hits you.
* * * LOW HITPOINT WARNING * * *
You feel sick.
You feel much better.
You feel sick.
You are no longer poisoned.
The bullfrog hits you. The bullfrog misses you.
A shadow imp comes into view.
The bullfrog misses you.
Prince Ribbit lets out a mournful croak.
The centaur shoots an arrow.
The arrow barely misses you. The bullfrog hits you.
The centaur shoots an arrow.
The arrow misses you.
The centaur shouts!
You hear a shout!
The centaur wields a +0 shortbow.
The centaur shoots an arrow.
The arrow hits you! The shadow imp puffs mist at you.
The centaur unwields a +0 shortbow.
The centaur wields a +0 halberd.
The centaur hits you with a +0 halberd. The centaur barely misses you.
The centaur closely misses you.
The centaur unwields a +0 halberd.
The centaur wields a +0 shortbow.
The centaur shoots an arrow.
The arrow hits you!
* * * LOW HITPOINT WARNING * * *
Prince Ribbit hits you.
* * * LOW HITPOINT WARNING * * *
A steam dragon comes into view.
The steam dragon hisses angrily.
The centaur shoots an arrow.
The arrow barely misses you.
The centaur shoots an arrow.
The arrow hits you!
* * * LOW HITPOINT WARNING * * *
The howler monkey hoots and howls with incredible vigour!
You hear a shout!
Prince Ribbit blinks!
The centaur shoots an arrow.
The arrow misses you.
The centaur shoots an arrow.
The arrow hits you!
You die...
Your body crumbles into a pile of gold.

.. ..................
...##.#...............
#................##...
#.....##.........###..
...#...#.....Y.........h.
.!....#.F.##....s.h.........
....(..........>c5......o...
................zzo........
..?...D..@..F..#.....o...o
#..........c..#..........
###.............#........##
##.$....$....###.##.......##
#...#......####.............
#...$.$....$.##$.........
#..#>#........#.........§
o..#.####..............c§§§
... . #..........?....§§§


You could see Prince Ribbit, a steam dragon, an ice beast, a bullfrog, 2
centaurs, a scorpion, a howler monkey (catching breath), 2 wights and a shadow
imp.

Vanquished Creatures
  3 scorpions
  A water moccasin skeleton (D:5)
  A howler monkey (D:7)
  2 hounds
  Crazy Yiuf (D:3)
  2 orc priests (D:4)
  Ijyb (D:3)
  An iguana (D:5)
  2 orc wizards
  A hound skeleton (D:4)
  8 adders
  2 worms
  2 dart slugs
  2 orcs
  2 ball pythons
  9 endoplasms
  A giant cockroach (D:1)
  10 goblins
  5 hobgoblins
  4 jackals (D:3)
  2 quokkas
  3 bats
  4 frilled lizards
  10 kobolds
  2 rats
81 creatures vanquished.

Vanquished Creatures (others)
  A plant (D:8)
1 creature vanquished.

Grand Total: 82 creatures vanquished

Notes
Turn   | Place    | Note
-------+----------+-------------------------------------------
     0 | D:1      | spiderkeys the Octopode Venom Mage began the quest for the
                  | Orb.
     0 | D:1      | Reached XP level 1. HP: 11/11 MP: 3/3
   200 | D:1      | Reached XP level 2. HP: 10/18 MP: 1/5
  1310 | D:1      | Learned a level 2 spell: Poisonous Vapours
  1345 | D:1      | Reached XP level 3. HP: 22/22 MP: 3/6
  1400 | D:1      | Reached skill level 1 in Fighting
  1530 | D:2      | Reached skill level 4 in Poison Magic
  1706 | D:2      | Found Tezifo's Jewellery Boutique.
  1812 | D:2      | Reached XP level 4. HP: 12/28 MP: 0/7
  2416 | D:2      | Learned a level 3 spell: Ignite Poison
  2475 | D:2      | Found a faded altar of an unknown god.
  2914 | D:3      | Reached XP level 5. HP: 34/34 MP: 1/8
  3091 | D:3      | Noticed Ijyb
  3097 | D:3      | Killed Ijyb
  3438 | D:3      | Found a runed translucent door.
  3439 | D:3      | Noticed Crazy Yiuf
  3574 | D:3      | Killed Crazy Yiuf
  3932 | D:4      | Learned a level 3 spell: Mephitic Cloud
  4308 | D:4      | Identified the +3 hand axe "Pimoxyup" {venom, Int+4 SInv}
  4326 | D:4      | Reached XP level 6. HP: 37/39 MP: 10/10
  4627 | D:4      | Reached skill level 5 in Poison Magic
  4933 | D:5      | Entered Level 5 of the Dungeon
  5124 | D:5      | Reached XP level 7. HP: 45/45 MP: 5/12
  5730 | D:5      | Found a staircase to the Ecumenical Temple.
  5883 | Temple   | Entered the Ecumenical Temple
  5896 | Temple   | Became a worshipper of Gozag Ym Sagoz the Greedy
  5944 | D:5      | You fall into a shaft and drop 3 floors!
  5974 | D:8      | Found a staircase to the Lair.
  5974 | D:8      | Noticed an elephant
  5974 | D:8      | Noticed a yak
  5974 | D:8      | Noticed a basilisk
  6096 | D:7      | Noticed Prince Ribbit
  6106 | D:7      | Identified a scroll of acquirement
  6106 | D:7      | Acquired the ring of Eteckei {rN+ Will+ Str+4 SInv}
  6146 | D:7      | Noticed a steam dragon
  6146 | D:7      | HP: 1/46 [centaur/arrow (10)]
  6148 | D:7      | Shot with an arrow by a centaur

Illustrated notes

Levels and vault maps discovered:
D:1:      erik_arrival_triangle_medium, layout_rooms, hex_tiny
D:2:      layout_rooms, shapermc_ecumenical_altar_notcrosses, serial_shops, shop
D:3:      layout_rooms, st_stairs_1, uniq_ijyb, uniq_crazy_yiuf_cottage
D:4:      layout_basic, minmay_misc_feat_roman
D:5:      layout_loops_ring, minmay_temple_entry_purple_smoke,
          hangedman_decor_push, chequers_garden
D:7:      layout_cave_pools, uniq_duvessa, uniq_prince_ribbit1
D:8:      layout_cave_pools, david_lair_generic, st_stairs_2,
          nicolae_benzene_ring, kennysheep_another_room
Temple:   grunt_wide_crystal_templ

Skill      XL: |  1  2  3  4  5  6  7 |
---------------+----------------------+-----
Fighting       | 1 2 3 |  3.3
Poison Magic   | 4 5 |  5.6
Transmutations | 2 3 |  3.5
Dodging        | 3 4 |  4.0
Spellcasting   | 3 |  3.7
Stealth        | |  2.6

Action                   |  1- 3 |  4- 6 |  7- 9 || total
-------------------------+-------+-------+-------++-------
Melee: Unarmed           |    30 |       |       ||    30
       Constrict         |    11 |     9 |     1 ||    21
       Tentacles         |     7 |     8 |       ||    15
       Whip              |     5 |    31 |       ||    36
       Hand axe          |       |     5 |     6 ||    11
 Cast: Sting             |    25 |       |       ||    25
       Poisonous Vapours |    11 |    80 |    15 ||   106
       Ignite Poison     |       |     1 |       ||     1
  Use: Scroll            |       |     7 |     5 ||    12
       Potion            |       |       |     4 ||     4
 Stab: Sleeping          |     2 |     4 |       ||     6
Armor: Skin              |     5 |    11 |     6 ||    22
Dodge: Dodged            |    37 |    27 |    37 ||   101

Table legend: (Time is in decaauts)
 A = Elapsed time spent in this place.
 B = Non-inter-level travel time spent in this place.
 C = Inter-level travel time spent in this place.
 D = Time resting spent in this place.
 E = Time spent auto-exploring this place.
 F = Levels seen in this place.
 G = Mean time per level.
                   A        B        C        D        E       F      G
               +--------+--------+--------+--------+--------+-----+--------+
         Total |   6156 |   6031 |    125 |    844 |   4545 |   8 |  769.5 |
       Dungeon |   6133 |   6016 |    117 |    844 |   4538 |   7 |  876.1 |
        Temple |     22 |     14 |      8 |      0 |      7 |   1 |   22.0 |
               +--------+--------+--------+--------+--------+-----+--------+

Top non-repeatable levels by time:
     D:1: 1574 daAuts
     D:3: 1316 daAuts
     D:4: 1112 daAuts
     D:2: 1029 daAuts
     D:5: 896 daAuts
     D:7: 159 daAuts
     D:8: 45 daAuts
  Temple: 22 daAuts
